 Dungeon Crawl Stone Soup version 0.26.0-8-g74fc34ddfb (webtiles) character file.

Game seed: 17958929396194213755

39 peeb the Insei (level 3, -2/28 HPs)
             Began as a Gnoll Transmuter on Jan 11, 2021.
             Slain by a black bear (4 damage)
             ... on level 1 of the Dungeon on Jan 12, 2021.
             The game lasted 00:03:05 (1578 turns).

peeb the Insei (Gnoll Transmuter)                   Turns: 1578, Time: 00:03:05

Health: -2/28      AC:  2    Str: 12    XL:     3   Next: 45%
Magic:  9/9        EV: 14    Int: 16    God:
Gold:   47         SH:  0    Dex: 15    Spells: 11/12 levels left

rFire    . . .     SeeInvis .     - Unarmed
rCold    . . .     Faith    .   (no shield)
rNeg     . . .     Spirit   .   a - +0 robe
rPois    .         Reflect  .   (no helmet)
rElec    .         Harm     .   (no cloak)
rCorr    .         Rampage  .   (no gloves)
Will     .....                  (no boots)
Stlth    ++........             (no amulet)
HPRegen  0.09/turn              (no ring)
MPRegen  0.11/turn              (no ring)

@: no status effects
A: distributed training, fangs 1, strong nose
a: no special abilities


You were on level 1 of the Dungeon.
You visited 1 branch of the dungeon, and saw 2 of its levels.

You collected 47 gold pieces.

Inventory:

Missiles
 k - 28 stones
Armour
 a - a +0 robe (worn)
 g - a +0 chain mail
Jewellery
 l - an uncursed ring of flight
Potions
 b - a potion of attraction {unknown}
 c - a potion of berserk rage {unknown}
 d - 3 potions of heal wounds {unknown}
 e - 3 potions of curing {unknown}
 j - a potion of lignification {unknown}
 m - a potion of might {unknown}


   Skills:
 + Level 2.6 Fighting
 + Level 0.8 Short Blades
 + Level 0.8 Long Blades
 + Level 0.8 Axes
 + Level 0.8 Maces & Flails
 + Level 0.8 Polearms
 + Level 0.8 Staves
 + Level 0.8 Slings
 + Level 0.8 Bows
 + Level 0.8 Crossbows
 + Level 0.8 Throwing
 + Level 0.8 Armour
 + Level 4.5 Dodging
 + Level 0.8 Stealth
 + Level 0.8 Shields
 + Level 6.5 Unarmed Combat
 + Level 5.0 Spellcasting
 + Level 0.5 Conjurations
 + Level 0.5 Hexes
 + Level 0.5 Summonings
 + Level 0.5 Necromancy
 + Level 0.5 Translocations
 + Level 3.7 Transmutations
 + Level 0.5 Fire Magic
 + Level 0.5 Ice Magic
 + Level 0.5 Air Magic
 + Level 0.5 Earth Magic
 + Level 0.5 Poison Magic
 + Level 1.0 Invocations
 + Level 0.8 Evocations


You had 11 spell levels left.
You knew the following spells:

 Your Spells              Type           Power        Failure   Level
a - Beastly Appendage     Tmut           32%          3%          1

Your spell library contained the following spells:

 Spells                   Type           Power        Failure   Level
 Wereblood                Tmut           16%          4%          2
 Spider Form              Tmut/Pois      5%           19%         3
 Ice Form                 Ice/Tmut       11%          52%         4
 Blade Hands              Tmut           8%           65%         5


Dungeon Overview and Level Annotations

Branches:
Dungeon (2/15)

Altars:


Innate Abilities, Weirdness & Mutations

Your experience applies equally to all skills.
You have very sharp teeth.
Your uncanny sense of smell can sniff out nearby items.


Message History

Really abort (and waste the scroll)? [Y]es or [N]o only, please.
Really abort (and waste the scroll)?
Okay, then.
The adder bites you but does no damage. The black bear bites you.
The black bear closely misses you. x2
As you read the scroll labelled LEKLIT ONTASU, it crumbles to dust.
You feel blessed for a moment.
It was a scroll of remove curse.
The adder closely misses you. x2; The black bear bites you.
The black bear claws you. x2
As you read the scroll labelled NAUFEK PANGOAV, it crumbles to dust.
It is a scroll of identify.
l - an uncursed ring of flight The adder closely misses you.
The black bear bites you.
* * * LOW HITPOINT WARNING * * *
The black bear misses you. The black bear claws you.
* * * LOW HITPOINT WARNING * * *
The black bear barely misses you. The black bear completely misses you.
The black bear claws you.
You die...

#.# #.# #.# #.# #.# #.# #.# #.#
######## #####.###.# #......#
......#...# #......# ####..#.####
#......#
####.......#####......###########
#..#.##.##.##.)S@รท...............
#..#.....#.##)#.h.....###########
#..##..###.##.#.......# ####..
#..##......##.#.......######.....
#..#.....#.##.#.......'....'.....
#..#.....####.##......######.....
#..#.....'....##.....)...........
#..'.....############.........#..
##.#.....# ##...## #.........#..


You could see a black bear and an adder.

Vanquished Creatures
  An ooze (D:2)
  A dart slug (D:1)
  2 giant cockroaches
  6 goblins
  5 hobgoblins (D:1)
  4 kobolds
  4 bats (D:1)
  4 frilled lizards
  4 rats (D:1)
31 creatures vanquished.

Notes
Turn   | Place    | Note
-------+----------+-------------------------------------------
     0 | D:1      | peeb the Gnoll Transmuter began the quest for the Orb.
     0 | D:1      | Reached XP level 1. HP: 17/17 MP: 6/6
   380 | D:1      | Reached XP level 2. HP: 21/23 MP: 7/7
   838 | D:1      | Reached XP level 3. HP: 23/28 MP: 9/9
   916 | D:1      | Reached skill level 5 in Spellcasting
  1426 | D:2      | Upgraded the game from 0.26.0-7-g794d0892b4 to
                  | 0.26.0-8-g74fc34ddfb
  1526 | D:2      | Noticed a black bear
  1535 | D:2      | Reached skill level 1 in Invocations
  1578 | D:1      | Slain by a black bear

Illustrated notes

Levels and vault maps discovered:
D:1:      noname_arrival_rooms_in_the_neighbourhood, layout_basic
D:2:      layout_loops_ring

Skill      XL: |  1  2  3 |
---------------+----------+-----
Spellcasting   | 5 |  5.0
Invocations    | 1 |  1.0
Fighting       | |  2.6
Short Blades   | |  0.8
Long Blades    | |  0.8
Axes           | |  0.8
Maces & Flails | |  0.8
Polearms       | |  0.8
Staves         | |  0.8
Slings         | |  0.8
Bows           | |  0.8
Crossbows      | |  0.8
Throwing       | |  0.8
Armour         | |  0.8
Dodging        | |  4.5
Stealth        | |  0.8
Shields        | |  0.8
Unarmed Combat | |  6.5
Conjurations   | |  0.5
Hexes          | |  0.5
Summonings     | |  0.5
Necromancy     | |  0.5
Translocations | |  0.5
Transmutations | |  3.7
Fire Magic     | |  0.5
Ice Magic      | |  0.5
Air Magic      | |  0.5
Earth Magic    | |  0.5
Poison Magic   | |  0.5
Evocations     | |  0.8

Action                   || total
-------------------------++-------
Melee: Unarmed           ||    87
       Bite              ||     2
  Use: Scroll            ||     3
 Stab: Sleeping          ||     1
Armor: Robe              ||    22
Dodge: Dodged            ||    97
